 Dungeon Crawl Stone Soup version 0.30-a0-591-g3c58d2bc28 (webtiles) character file.

Game seed: 651395954470566374

79298 wormed the Martial Artist (level 15, -2/249 HPs)
             Began as an Octopode Transmuter on Jan 4, 2023.
             Was an Initiate of Gozag.
             Slain by a skeletal warrior
             ... wielding a +0 dire flail
              (5 damage)
             ... on level 13 of the Dungeon.
             The game lasted 00:54:17 (29196 turns).

wormed the Martial Artist (Octopode Transmuter)    Turns: 29196, Time: 00:54:18

Health: -2/249     AC: 27    Str: 15    XL:     15   Next: 63%
Magic:  0/45       EV:  2    Int: 36    God:    Gozag
Gold:   407        SH:  0    Dex: 18    Spells: 23/30 levels left

rFire   + + .      SeeInvis .    g - staff of cold
rCold   + + .      Faith    .    (no shield)
rNeg    + . .      Spirit   +    (helmet currently unavailable)
rPois   +          Reflect  .    K - amulet of guardian spirit
rElec   +          Harm     .    j - +6 ring of intelligence
rCorr   +          Rampage  .    v - +5 ring of evasion
Will    ++...      NoTele   +    t - +6 ring of intelligence Stlth
                                 C - ring of Xott {MP+9 Int+5 Stlth+}
HPRegen 0.61/turn                f - ring "Sifijemo" {rN+ MP+9 Str+3}
MPRegen 0.29/turn                F - ring of willpower
                                 (no ring)
                                 H - ring "Plog" {rF+ Dex+4}

@: mighty, berserking (expiring), tree-form, resistant, wereblooded, gold aura,
very quick
A: stationary, stasis, torment immunity, boosted hp, almost no armour,
(amphibious), 8 rings, (camouflage 1), (gelatinous body 1), (nimble swimmer 1),
(tentacles)
a: End Transformation, Renounce Religion, Potion Petition, Call Merchant, Bribe
Branch


You were on level 13 of the Dungeon.
You worshipped Gozag.
Gozag was aware of your devotion.
You were a tree.
You visited 3 branches of the dungeon, and saw 19 of its levels.
You visited the Abyss 1 time.
You also visited: Bailey.

You collected 5062 gold pieces.
You spent 1790 gold pieces at shops.
You paid 2865 gold pieces to Gozag.

Inventory:

Armour
 r - a +1 hat of willpower (melded)
Magical Staves
 g - a staff of cold (weapon)
 k - a staff of air
Jewellery
 f - the ring "Sifijemo" (on tentacle) {rN+ MP+9 Str+3}
   (You bought it in a shop on level 1 of the Lair of Beasts)

   [ring of magical power]

   Str:       It affects your strength (+3).
   rN:        It protects you from negative energy.
   MP:        It affects your magic capacity (+9).
 j - a +6 ring of intelligence (left branch)
 t - a +6 ring of intelligence (on tentacle)
 v - a +5 ring of evasion (right branch)
 A - the ring "Pesich" {rF- rN+++ Str-2 Dex+6 SInv}
   (You took it off a hobgoblin in a bailey)

   [ring of dexterity]

   Str:       It affects your strength (-2).
   Dex:       It affects your dexterity (+6).
   rF:        It makes you vulnerable to fire.
   rN:        It renders you almost immune to negative energy.
   SInv:      It lets you see invisible.
 C - the ring of Xott (on tentacle) {MP+9 Int+5 Stlth+}
   (You bought it in a shop on level 1 of the Lair of Beasts)

   [ring of magical power]

   Int:       It affects your intelligence (+5).
   MP:        It affects your magic capacity (+9).
   Stlth:     It makes you more stealthy.
 F - a ring of willpower (on tentacle)
 H - the ring "Plog" (on tentacle) {rF+ Dex+4}
   (You found it on level 2 of the Lair of Beasts)

   [ring of protection from fire]

   Dex:       It affects your dexterity (+4).
   rF:        It protects you from fire.
 K - an amulet of guardian spirit (around neck)
Wands
 b - a wand of iceblast (14)
 i - a wand of mindburst (7)
 l - a wand of flame (10)
 n - a wand of light (28)
 y - a wand of paralysis (2)
 L - a wand of digging (8)
Scrolls
 h - 4 scrolls of fog (quivered)
 q - a scroll of enchant armour
 x - 2 scrolls of enchant weapon
 D - 5 scrolls of magic mapping
 E - 5 scrolls of poison
 G - a scroll of amnesia
 I - 3 scrolls of teleportation
 M - a scroll of identify
 N - a scroll of brand weapon
Potions
 a - 6 potions of brilliance
 c - 5 potions of curing
 d - a potion of heal wounds
 e - 2 potions of mutation
 m - 6 potions of cancellation
 o - 2 potions of attraction
 p - a potion of might
 s - 2 potions of ambrosia
 u - 2 potions of resistance
 w - 3 potions of lignification
 z - 2 potions of magic
 B - 4 potions of flight
 J - 2 potions of berserk rage
 O - a potion of haste


   Skills:
 + Level 13.4 Fighting
 + Level 13.6 Dodging
 + Level 13.8 Unarmed Combat
 - Level 8.0 Spellcasting
 - Level 12.0 Transmutations
 - Level 5.0 Ice Magic


You had 23 spell levels left.
You knew the following spells:

 Your Spells              Type           Power      Damage    Failure   Level
a - Ice Form              Ice/Tmut       85%        N/A       1%          4
b - Wereblood             Tmut           79%        N/A       1%          2
c - Beastly Appendage     Tmut           100%       N/A       1%          1

Your spell library contained the following spells:

 Spells                   Type           Power      Damage    Failure   Level
 Spider Form              Tmut/Pois      55%        N/A       1%          3
 Foxfire                  Conj/Fire      56%        2x1d6     2%          1
 Magic Dart               Conj           56%        1d5       2%          1
 Call Imp                 Summ           14%        N/A       4%          2
 Searing Ray              Conj           28%        2d5       4%          2
 Yara's Violent Unravell  Hex/Tmut       27%        3d12      7%          5
 Call Canine Familiar     Summ           14%        N/A       9%          3
 Gell's Gravitas          Tloc           14%        N/A       9%          3
 Lesser Beckoning         Tloc           28%        N/A       9%          3
 Mephitic Cloud           Conj/Pois/Air  14%        N/A       9%          3
 Portal Projectile        Hex/Tloc       28%        N/A       9%          3
 Stone Arrow              Conj/Erth      28%        3d8       9%          3
 Teleport Other           Tloc           14%        N/A       9%          3
 Vhi's Electric Charge    Tloc/Air       28%        N/A       9%          3
 Anguish                  Hex/Necr       7%         N/A       28%         4
 Leda's Liquefaction      Hex/Erth       7%         N/A       28%         4
 Arcjolt                  Conj/Air       7%         1d17      61%         5
 Fireball                 Conj/Fire      7%         3d5       61%         5
 Iskenderun's Battlesphe  Conj           14%        2d7       61%         5
 Iron Shot                Conj/Erth      7%         9d2       99%         6
 Enfeeble                 Hex            7%         N/A       100%        7
 Spellforged Servitor     Conj/Summ      7%         N/A       100%        7
 Maxwell's Capacitive Co  Air            7%         ∞         100%        8
 Chain Lightning          Conj/Air       7%         3d9       100%        9
 Fire Storm               Conj/Fire      7%         8d2       100%        9
 Shatter                  Erth           7%         3d9*      100%        9


Dungeon Overview and Level Annotations

Branches:
Dungeon (13/15)            Temple (1/1) D:4            Lair (5/5) D:10
  Swamp (0/4) Lair:2        Snake (0/4) Lair:3        Slime (0/5) Lair:4
    Orc (0/2) D:11         Bailey (visited)
 Vaults: D:13-14

Altars:
Ashenzari
Cheibriados
Dithmenos
Elyvilon
Fedhas
Gozag
Hepliaklqana
Kikubaaqudgha
Makhleb
Nemelex Xobeh
Okawaru
Qazlal
Ru
Sif Muna
Trog
Uskayaw
Vehumet
Wu Jian
Xom
Yredelemnul
Zin
The Shining One
Jiyva

Shops:
D:5 (   D:10 [*   Lair:1 =


Innate Abilities, Weirdness & Mutations

You are a tree.
Your roots penetrate the ground, keeping you stationary.
You cannot be teleported.
You are immune to unholy pain and torment.
Your maximum health is greatly increased.
You cannot wear most types of armour.
((You are amphibious.))
You can wear up to eight rings at the same time.
((Your skin changes colour to match your surroundings (Stealth+).))
((Your rubbery body absorbs attacks. (AC +1, EV +1)))
((You are camouflaged when in or above water. (Stealth+)))
((You have tentacles for arms and can constrict up to eight enemies at once.))


Message History

* * * LOW HITPOINT WARNING * * *
The skeletal warrior hits you with a +1 heavy broad axe.
Something hits you.
* * * LOW HITPOINT WARNING * * *
Something bites you but does no damage.
You hit the skeletal warrior but do no damage.
The skeletal warrior is severely damaged.
The skeletal warrior hits you but does no damage.
Something hits you but does no damage. Something bites you but does no damage.
You hit the skeletal warrior.
The skeletal warrior is almost destroyed.
The skeletal warrior hits you with a +1 heavy broad axe!
* * * LOW HITPOINT WARNING * * *
You hit the skeletal warrior but do no damage.
The skeletal warrior is severely damaged.
The skeletal warrior is no longer distracted by gold.
The skeletal warrior hits you but does no damage.
Something hits you.
* * * LOW HITPOINT WARNING * * *
Something bites you but does no damage.
You completely miss the skeletal warrior.
The skeletal warrior is severely damaged.
The skeletal warrior hits you but does no damage. x3
Something hits you but does no damage. Something bites you!
* * * LOW HITPOINT WARNING * * *
Something draws strength from your injuries!
You hit the skeletal warrior! Your punch misses the skeletal warrior.
The skeletal warrior is severely damaged.
The skeletal warrior hits you but does no damage.
The skeletal warrior hits you with a +0 trident!
* * * LOW HITPOINT WARNING * * *
Something hits you but does no damage. Something bites you but does no damage.
You hit the skeletal warrior but do no damage.
The skeletal warrior is severely damaged.
The skeletal warrior hits you but does no damage.
Something hits you but does no damage. Something bites you.
The skeletal warrior hits you but does no damage.
The skeletal warrior hits you with a +0 dire flail.
You die...
Your body crumbles into a pile of gold.

##.# ..##...#.#
.........
.........
........##
.......#.# .
#...#$####'#
....#...{.......
.......♣z.......
......zz........
.......#.##+####
........##
....###. ..## #
.


You could see 3 skeletal warriors.

Vanquished Creatures
  Nessos (Lair:5)
  A fire dragon (Lair:5)
  6 hydras
  2 catoblepae
  17 death yaks
  4 two-headed ogres
  4 boulder beetles
  Sonja (Lair:5)
  A skeletal warrior (D:12)
  A swamp dragon (Lair:5)
  Pikel (D:7)
  5 lindwurms
  A wolf spider (Lair:5)
  A cyclops (D:12)
  A manticore (D:11)
  Joseph (D:7)
  9 elephants
  10 black mambas
  2 gargoyles
  A guardian serpent (Lair:5)
  A torpor snail (Lair:5)
  15 cane toads
  Maggie (D:9)
  5 rime drakes
  6 komodo dragons
  2 tyrant leeches (Lair:2)
  A troll (D:10)
  5 hornets
  10 polar bears
  Prince Ribbit (D:5)
  36 blink frogs
  18 dream sheep
  A centaur simulacrum (D:11)
  A wraith (D:11)
  5 shadows
  3 slime creatures (D:12)
  14 wyverns
  2 vampires
  3 vampire mosquitoes (D:10)
  Grum (D:8)
  9 basilisks
  44 yaks
  3 redbacks (Lair:5)
  2 steam dragons
  Edmund (D:5)
  A warg (D:11)
  A swamp worm (Lair:2)
  An acid dragon (Lair:5)
  4 nagas (Lair:3)
  26 water moccasins
  17 orc warriors
  6 black bears
  3 ice beasts
  19 wolves
  2 ogres
  5 centaurs
  2 phantoms
  4 lemures (D:7)
  3 kobold brigands
  Blork the orc (D:5)
  12 bullfrogs
  A necrophage (D:6)
  3 scorpions
  4 wights (D:8)
  24 killer bees
  3 electric eels
  2 howler monkeys
  2 jellies
  7 orc priests
  3 hounds
  2 gnoll boudas
  7 iguanas
  13 orc wizards
  4 hell rats (Lair:4)
  A mummy (D:4)
  12 gnolls
  6 adders
  A white imp (Abyss:1)
  2 ufetubi
  3 dart slugs
  37 orcs
  4 ball pythons
  8 bats
  6 endoplasms
  4 giant cockroaches
  14 goblins
  7 hobgoblins
  4 jackals (D:2)
  A quokka (D:3)
  2 frilled lizards (D:1)
  30 kobolds
  4 rats
588 creatures vanquished.

Vanquished Creatures (others)
  An orc priest (D:8)
  An orc (D:8)
  49 fungi
  93 plants
144 creatures vanquished.

Grand Total: 732 creatures vanquished

Notes
Turn   | Place    | Note
-------+----------+-------------------------------------------
     0 | D:1      | wormed the Octopode Transmuter began the quest for the Orb.
     0 | D:1      | Reached XP level 1. HP: 13/13 MP: 3/3
   104 | D:1      | Reached XP level 2. HP: 14/18 MP: 3/5
   114 | D:1      | Learned a level 2 spell: Wereblood
   164 | D:1      | Found a faded altar of an unknown god.
   664 | D:1      | Reached XP level 3. HP: 23/23 MP: 2/6
  1633 | D:2      | Reached skill level 1 in Ice Magic
  1759 | D:2      | Reached XP level 4. HP: 25/28 MP: 4/7
  1858 | D:2      | Learned a level 4 spell: Ice Form
  2328 | D:3      | Found a shadowy altar of Dithmenos.
  2328 | D:3      | Found a blossoming altar of Fedhas.
  2812 | D:4      | Found a snail-covered altar of Cheibriados.
  2905 | D:4      | Reached XP level 5. HP: 17/34 MP: 4/8
  3263 | D:4      | Reached XP level 6. HP: 15/39 MP: 4/10
  3471 | D:4      | Found a staircase to the Ecumenical Temple.
  3580 | D:5      | Entered Level 5 of the Dungeon
  3705 | D:4      | Found a hide-covered altar of Uskayaw.
  3709 | D:4      | Found a hazy altar of Hepliaklqana.
  3711 | D:4      | Found an ornate altar of the Wu Jian Council.
  3713 | D:4      | Found an iron altar of Okawaru.
  3714 | D:4      | Found a shimmering blue altar of Sif Muna.
  3809 | D:4      | Noticed a black bear
  3820 | D:4      | Killed a black bear
  4047 | D:4      | Found a white marble altar of Elyvilon.
  4459 | D:5      | Found a shimmering altar of Xom.
  4517 | D:5      | Reached XP level 7. HP: 45/45 MP: 9/11
  4575 | D:5      | Noticed Blork the orc
  4582 | D:5      | Killed Blork the orc
  4707 | D:5      | Noticed Prince Ribbit
  4715 | D:5      | Killed Prince Ribbit
  4716 | D:5      | Reached skill level 5 in Transmutations
  4716 | D:5      | Reached XP level 8. HP: 52/52 MP: 9/13
  4788 | D:5      | Found Erchinlaj's Weapon Boutique.
  5068 | D:5      | Got Russaqye's Notes on Singed Striking
  5390 | D:6      | Noticed Edmund
  5432 | D:5      | Killed Edmund
  5613 | D:6      | Found a glowing golden altar of the Shining One.
  5743 | D:6      | Reached skill level 5 in Unarmed Combat
  5760 | D:6      | Became a worshipper of the Shining One
  6011 | D:6      | Identified the +1 dagger "Nanakk" {flame, rElec rC+ MP+9
                  | Int+3}
  6067 | D:6      | Reached XP level 9. HP: 58/58 MP: 11/15
  6585 | Temple   | Entered the Ecumenical Temple
  6872 | D:7      | Noticed Pikel
  6886 | D:7      | Killed Pikel
  6887 | D:7      | Reached skill level 5 in Dodging
  6977 | D:7      | Noticed Joseph
  7601 | D:7      | Paralysed by Joseph for 2 turns
  7977 | D:7      | Paralysed by Joseph for 2 turns
  8001 | D:7      | Killed Joseph
  8002 | D:7      | Reached skill level 5 in Fighting
  8002 | D:7      | Reached skill level 5 in Spellcasting
  8301 | D:8      | Reached skill level 5 in Ice Magic
  8301 | D:8      | Reached XP level 10. HP: 66/66 MP: 17/17
  8345 | D:8      | Found a flagged portal.
  8370 | Bailey   | Entered a bailey
  8435 | Bailey   | Reached * piety under the Shining One
  8581 | Bailey   | Identified the +5 dagger of the Sun {flame, Stlth+}
  8628 | Bailey   | Identified the ring "Pesich" {rF- rN+++ Str-2 Dex+6 SInv}
  9139 | D:8      | Noticed Grum
  9153 | D:8      | Killed Grum
 10589 | D:9      | Reached XP level 11. HP: 72/72 MP: 20/20
 10601 | D:9      | Reached ** piety under the Shining One
 10618 | D:9      | Found the +5 robe of Night {Dark Will+ SInv}
 10946 | D:9      | Noticed Maggie
 10964 | D:9      | Killed Maggie
 11156 | D:9      | Reached skill level 10 in Transmutations
 11340 | D:9      | Found an opulent altar of Gozag.
 11473 | D:9      | Fell from the grace of the Shining One
 11473 | D:9      | Became a worshipper of Gozag Ym Sagoz the Greedy
 12048 | D:10     | Entered Level 10 of the Dungeon
 12401 | D:10     | Found Vaumoek's General Store.
 12412 | D:10     | Found Echam's Specific Store.
 12417 | D:10     | Bought a scroll of identify for 28 gold pieces
 12424 | D:10     | Bought a scroll of identify for 28 gold pieces
 12424 | D:10     | Bought a scroll of identify for 28 gold pieces
 12525 | D:10     | Found Ihynurph's Armour Boutique.
 12911 | D:10     | Found a staircase to the Lair.
 13371 | D:11     | Noticed a boulder beetle
 13434 | D:11     | Noticed a boulder beetle
 13457 | Lair:1   | Entered Level 1 of the Lair of Beasts
 13522 | D:10     | Reached XP level 12. HP: 41/81 MP: 22/22
 14765 | Lair:1   | Noticed a catoblepas
 14883 | D:10     | Killed a catoblepas
 16763 | Lair:2   | Identified the ring "Plog" {rF+ Dex+4}
 16881 | Lair:2   | Reached XP level 13. HP: 82/90 MP: 25/25
 17353 | Lair:1   | Bought a +5 ring of evasion for 540 gold pieces
 17659 | Lair:2   | Reached skill level 10 in Unarmed Combat
 17904 | Lair:2   | Found a staircase to the Swamp.
 18858 | Lair:3   | Found a staircase to the Snake Pit.
 18884 | Lair:3   | Reached skill level 10 in Dodging
 19637 | Lair:2   | Reached skill level 10 in Fighting
 20540 | Lair:3   | Identified the +4 ring mail "Ecaij" {rCorr SInv}
 20964 | Lair:1   | Bought the ring of Xott {MP+9 Int+5 Stlth+} for 604 gold
                  | pieces
 21249 | Lair:4   | Reached XP level 14. HP: 99/99 MP: 26/26
 21701 | Lair:4   | Found a viscous altar of Jiyva.
 21702 | Lair:4   | Found a staircase to the Slime Pits.
 22607 | Lair:5   | Entered Level 5 of the Lair of Beasts
 24582 | Lair:1   | Bought the ring "Sifijemo" {rN+ MP+9 Str+3} for 562 gold
                  | pieces
 24978 | Lair:5   | Reached XP level 15. HP: 109/109 MP: 27/27
 25497 | Lair:5   | Noticed Sonja
 25501 | Abyss:1  | Cast into level 1 of the Abyss (Sonja)
 25584 | Lair:5   | Escaped the Abyss
 25591 | Lair:5   | Killed Sonja
 26018 | Lair:5   | Noticed Nessos
 26037 | Lair:5   | Killed Nessos
 26920 | Lair:2   | Identified the +8 hand axe of Havoc {heavy, rC+ Will+}
 27151 | D:11     | Found a staircase to the Orcish Mines.
 29194 | D:13     | HP: 9/249 [something (6)]
 29195 | D:13     | HP: 3/249 [skeletal warrior/+0 trident (7)]
 29196 | D:13     | Slain by a skeletal warrior

Illustrated notes

Levels and vault maps discovered:
D:1:      eino_arrival_water_cross, layout_basic,
          hellmonk_ecumenical_altar_lost_god
D:2:      layout_rooms, chequers_serial_rivers_micro_e,
          dreamdust_mushroom_princess
D:3:      layout_basic, grunt_temple_overflow_open
D:4:      layout_cave_pods, slow_altar_1, minitemple, elyvilon_altar_3,
          minmay_temple_entry_drinking_statues
D:5:      layout_loops_ring, lemuel_crystal_altar, serial_shops,
          nicolae_shop_bloodbath_and_beyond, uniq_blork_the_orc,
          uniq_prince_ribbit1
D:6:      layout_basic, amcnicky_altar_gilded, uniq_edmund
D:7:      layout_cave_pools, minmay_misc_feat_alley, uniq_joseph, uniq_pikel
D:8:      layout_basic, enter_bailey_5, lightli_minifort, uniq_grum
D:9:      layout_long_grid, overflow_temple_1_default,
          hellmonk_guarded_unrand_night, uniq_maggie
D:10:     layout_loops_corners, erik_lair_island, serial_shops, shop,
          nicolae_specific_store
D:11:     layout_irregular_city, erik_orc_4, st_stairs_12, patterned_corridor
D:12:     layout_cave_pods, kennysheep_generic_room_3
D:13:     minmay_shrinking_squares, layout_cave_pools, david_vaults_1,
          portal_ice_cave_rime
Temple:   hellmonk_temple_micro_hex
Lair:1:   layout_chaotic_city, serial_bayou_shore_b, grunt_megastairs_1
Lair:2:   layout_concentric_octagons, minmay_swamp_entry_worms,
          minmay_lindwurm_lava, infiniplex_staircase_pool, serial_bayou_shore_a
Lair:3:   beast_lair_carwin_large_1, layout_chaotic_city,
          minmay_snake_entry_guardpost_small
Lair:4:   layout_hall_layers, slime_entry_1
Lair:5:   guppyfry_lair_end_dragon, layout_cave_pods,
          hangedman_lair_tendril_chambers, uniq_sonja, uniq_nessos

Skill      XL: |  1  2  3  4  5  6  7  8  9 10 11 12 13 14 15 |
---------------+----------------------------------------------+-----
Ice Magic      | 1 2 3 4 5 |  5.0
Transmutations | 3 4 5 6 7 9 10 12 | 12.0
Fighting       | 2 3 4 5 6 7 8 10 12 13 | 13.4
Dodging        | 3 4 5 6 7 9 11 12 13 | 13.6
Spellcasting   | 3 4 5 6 7 8 |  8.0
Unarmed Combat | 4 5 6 7 8 9 11 12 13 | 13.8

Action                   |  1- 3 |  4- 6 |  7- 9 | 10-12 | 13-15 || total
-------------------------+-------+-------+-------+-------+-------++-------
Melee: Unarmed           |    78 |    58 |   174 |   625 |   899 ||  1834
       Kick              |    23 |    16 |     3 |       |       ||    42
       Constrict         |    23 |    11 |       |     2 |     1 ||    37
       Tentacles         |    13 |     6 |     1 |     1 |     4 ||    25
       Punch             |     1 |     2 |       |     1 |     2 ||     6
       Staff             |       |    29 |     5 |    22 |    17 ||    73
 Cast: Beastly Appendage |    24 |    14 |     3 |       |       ||    41
       Wereblood         |    19 |    12 |     7 |    57 |    71 ||   166
       Ice Form          |       |     9 |    28 |    69 |    85 ||   191
Invok: Potion Petition   |       |       |       |     1 |     4 ||     5
       Call Merchant     |       |       |       |       |     1 ||     1
 Abil: End Transformatio |       |       |       |     2 |       ||     2
Evoke: Wand              |       |       |     5 |    12 |     4 ||    21
  Use: Scroll            |     3 |     6 |     6 |    12 |     5 ||    32
       Potion            |       |     2 |     1 |     4 |    11 ||    18
 Stab: Sleeping          |     4 |     2 |       |       |     1 ||     7
       Distracted        |       |       |       |     2 |     1 ||     3
       Petrified         |       |       |       |       |     7 ||     7
       Paralysed         |       |       |       |       |     1 ||     1
Armor: Skin              |    12 |    21 |    46 |   235 |   233 ||   547
Dodge: Dodged            |    66 |    39 |    82 |   350 |   716 ||  1253
Block: Other             |       |       |       |   152 |   156 ||   308
       Reflection        |       |       |       |     8 |     1 ||     9

Table legend: (Time is in decaauts)
 A = Elapsed time spent in this place.
 B = Non-inter-level travel time spent in this place.
 C = Inter-level travel time spent in this place.
 D = Time resting spent in this place.
 E = Time spent auto-exploring this place.
 F = Levels seen in this place.
 G = Mean time per level.
                   A        B        C        D        E       F      G
               +--------+--------+--------+--------+--------+-----+--------+
         Total |  28910 |  27637 |   1273 |   4553 |  17638 |  21 | 1376.7 |
       Dungeon |  16154 |  15416 |    738 |   2596 |  10219 |  13 | 1242.6 |
        Temple |      1 |      1 |      0 |      0 |      0 |   1 |    1.0 |
          Lair |  12112 |  11577 |    535 |   1957 |   7053 |   5 | 2422.4 |
         Abyss |     86 |     86 |      0 |      0 |     67 |   1 |   86.0 |
        Bailey |    554 |    554 |      0 |      0 |    298 |   1 |  554.0 |
               +--------+--------+--------+--------+--------+-----+--------+

Top non-repeatable levels by time:
  Lair:5: 3517 daAuts
  Lair:2: 2757 daAuts
  Lair:1: 2658 daAuts
    D:10: 2524 daAuts
     D:6: 2089 daAuts
     D:9: 1759 daAuts
  Lair:3: 1654 daAuts
     D:4: 1608 daAuts
  Lair:4: 1525 daAuts
     D:8: 1405 daAuts
     D:1: 1378 daAuts
    D:12: 1258 daAuts
     D:5: 1100 daAuts
    D:11: 893 daAuts
     D:7: 748 daAuts
